 Dungeon Crawl Stone Soup version 0.30-a0-723-gc1506a1cf0 (webtiles) character file.

Game seed: 2873653454667187635

740 Darius099 the Grappler (level 7, -5/55 (66) HPs)
             Began as a Troll Monk on Jan 28, 2023.
             Slain by a wight
             ... wielding a +3 battleaxe
              (15 damage)
             ... on level 6 of the Dungeon.
             The game lasted 00:05:05 (3030 turns).

Darius099 the Grappler (Troll Monk)                 Turns: 3030, Time: 00:05:05

HP:   -5/55 (66)    AC:  4    Str: 20    XL:     7   Next: 46%
MP:   6/6           EV: 10    Int:  6    God:
Gold: 139           SH:  0    Dex: 14    Spells: 6/6 levels left

rFire   . . .      SeeInvis .      - Unarmed
rCold   + . .      Faith    .    (no shield)
rNeg    . . .      Spirit   .    a - +0 robe
rPois   .          Reflect  .    (helmet restricted)
rElec   .          Harm     .    i - scarf {shadows}
rCorr   .          Rampage  .    (gloves unavailable)
Will    .....                    (boots unavailable)
Stlth   ++                       (no amulet)
HPRegen 1.09/turn                o - ring of protection from cold
MPRegen 0.10/turn                (no ring)

@: heavily drained
A: large, unfitting armour, claws 3, regeneration 1, shaggy fur 1, tough skin 1
a: no special abilities


You were on level 6 of the Dungeon.
You visited 1 branch of the dungeon, and saw 5 of its levels.

You collected 139 gold pieces.

Inventory:

Missiles
 n - 6 large rocks (quivered)
Armour
 a - a +0 robe (worn)
 i - a scarf of shadows (worn)
Jewellery
 o - a ring of protection from cold (left claw)
 r - a ring of fire
Scrolls
 c - 2 scrolls of identify {unknown}
 e - 3 scrolls of teleportation {unknown}
 f - 2 scrolls of amnesia {unknown}
 g - a scroll of blinking {unknown}
 j - a scroll of fear {unknown}
 m - a scroll of magic mapping {unknown}
 q - a scroll of immolation {unknown}
 s - 3 scrolls of vulnerability {unknown}
 w - a scroll of poison {unknown}
Potions
 b - a potion of ambrosia
 d - a potion of berserk rage {unknown}
 h - a potion of invisibility {unknown}
 k - a potion of magic {unknown}
 l - a potion of flight
 t - a potion of haste {unknown}
 u - a potion of degeneration {unknown}
 v - 3 potions of attraction {unknown}


   Skills:
 - Level 2.4 Fighting
 - Level 2.4 Dodging
 - Level 1.0 Stealth
 + Level 8.9 Unarmed Combat


You had 6 spell levels left.
You didn't know any spells.
Your spell library contained the following spells:

 Spells                   Type           Power      Damage    Failure   Level
 Magic Dart               Conj           0%         1d3       45%         1
 Necrotise                Necr           0%         1d4       45%         1
 Call Imp                 Summ           0%         N/A       58%         2
 Mephitic Cloud           Conj/Pois/Air  0%         N/A       83%         3
 Stone Arrow              Conj/Erth      0%         3d7       83%         3
 Vampiric Draining        Necr           0%         2d6       83%         3
 Animate Armour           Summ/Erth      0%         N/A       99%         4
 Agony                    Necr           0%         N/A       100%        5
 Lehudib's Crystal Spear  Conj/Erth      0%         10d2      100%        8


Dungeon Overview and Level Annotations

Branches:
Dungeon (6/15)             Temple (0/1) D:4

Altars:
Makhleb


Innate Abilities, Weirdness & Mutations

You are too large for most types of armour.
You have claws for hands.
Your natural rate of healing is unusually fast.
You are covered in fur. (AC +1)
You have tough skin. (AC +1)


Message History

* * * LOW HITPOINT WARNING * * *
You feel drained.
* * * LOW HITPOINT WARNING * * *
You scratch the wight.
The wight is moderately damaged.
The wight hits you but does no damage.
You claw the wight!
The wight is severely damaged.
The wight hits you with a +1 falchion.
* * * LOW HITPOINT WARNING * * *
You feel drained.
You claw the wight!
You destroy the wight!
Items here: )) [[.
You start resting.
You are starting to lose your buoyancy.
Items here: )) [[.
Things that are here:
a +0 battleaxe; a +0 robe
Things that are here:
a +0 short sword; a +0 robe You start resting.
You float gracefully downwards.
Things that are here:
a +0 battleaxe; a +0 robe
Things that are here:
a +0 short sword; a +0 robe A wight comes into view.
It is wielding a +3 battleaxe.
The wight hits you with a +3 battleaxe!!
* * * LOW HITPOINT WARNING * * *
You feel drained.
* * * LOW HITPOINT WARNING * * *
You barely miss the wight. The wight hits you with a +3 battleaxe!
* * * LOW HITPOINT WARNING * * *
You feel much better. The wight hits you with a +3 battleaxe!
* * * LOW HITPOINT WARNING * * *
You feel drained.
* * * LOW HITPOINT WARNING * * *
You barely miss the wight. The wight hits you with a +3 battleaxe!
You die...

####. #.....
##########......
#......)).......
#.###@###.......
#z# #)#...#. #.#
#.# ### #.# #.#
#.# #.# #.# #>#
... #.# ... #..


You could see a wight.

Vanquished Creatures
  An ogre (D:4)
  2 scorpions (D:4)
  4 wights (D:6)
  3 hounds (D:4)
  2 iguanas
  Robin (D:2)
  3 gnolls (D:3)
  7 adders
  4 worms
  2 dart slugs (D:1)
  An orc (D:4)
  5 ball pythons
  5 bats
  9 endoplasms
  2 giant cockroaches
  13 goblins
  7 hobgoblins
  3 jackals (D:1)
  5 kobolds
  2 quokkas
  3 frilled lizards (D:1)
84 creatures vanquished.

Vanquished Creatures (others)
  3 plants (D:6)
3 creatures vanquished.

Grand Total: 87 creatures vanquished

Notes
Turn   | Place    | Note
-------+----------+-------------------------------------------
     0 | D:1      | Darius099 the Troll Monk began the quest for the Orb.
     0 | D:1      | Reached XP level 1. HP: 22/22 MP: 0/0
   101 | D:1      | Reached XP level 2. HP: 21/29 MP: 1/1
   328 | D:1      | Reached skill level 4 in Unarmed Combat
   618 | D:2      | Reached XP level 3. HP: 36/36 MP: 2/2
   781 | D:2      | Noticed Robin
   787 | D:2      | Killed Robin
   790 | D:2      | Found a faded altar of an unknown god.
   796 | D:2      | Reached XP level 4. HP: 32/44 MP: 3/3
   806 | D:2      | Reached skill level 5 in Unarmed Combat
  1277 | D:3      | Reached XP level 5. HP: 33/50 MP: 4/4
  1575 | D:3      | Reached skill level 6 in Unarmed Combat
  2418 | D:4      | Found a burning altar of Makhleb.
  2567 | D:4      | Reached skill level 7 in Unarmed Combat
  2567 | D:4      | Reached XP level 6. HP: 59/59 MP: 5/5
  2601 | D:4      | Found a staircase to the Ecumenical Temple.
  2897 | D:4      | Reached skill level 8 in Unarmed Combat
  2977 | D:4      | You fall into a shaft and drop 2 floors!
  2984 | D:6      | Reached XP level 7. HP: 52/64 MP: 6/6
  3028 | D:6      | HP: 2/57 [wight/+3 battleaxe (8)]
  3030 | D:6      | Slain by a wight

Illustrated notes

Levels and vault maps discovered:
D:1:      shiori_arrival_maze, layout_rooms, hangedman_decor_peaks_small
D:2:      layout_loops_ring, ebering_ecumenical_altar_box, uniq_robin
D:3:      minmay_recursive_quarters, layout_basic
D:4:      layout_loops_corners, makhleb_heckhound_becter, temple_statues,
          uniq_crazy_yiuf_cottage
D:6:      black_bear_nest_1, layout_loops_ring, serial_shops, shop,
          nrook_loot_triangle, kennysheep_minor_cross,
          minmay_misc_feat_secret_circle, corexii_checkpoint_b,
          serial_bayou_ford_a

Skill      XL: |  1  2  3  4  5  6 |
---------------+-------------------+-----
Unarmed Combat | 4 5 7 8 |  8.9
Fighting       | |  2.4
Dodging        | |  2.4
Stealth        | |  1.0

Action                     |  1- 3 |  4- 6 |  7- 9 || total
---------------------------+-------+-------+-------++-------
  Melee: Unarmed           |    87 |   106 |    15 ||   208
         Punch             |     3 |     3 |       ||     6
  Throw: Large rock        |     1 |       |       ||     1
    Use: Potion            |       |       |     3 ||     3
   Stab: Sleeping          |     2 |     2 |       ||     4
 Armour: Robe              |    31 |    33 |     1 ||    65
  Dodge: Dodged            |    51 |    48 |     2 ||   101

Table legend: (Time is in decaauts)
 A = Elapsed time spent in this place.
 B = Non-inter-level travel time spent in this place.
 C = Inter-level travel time spent in this place.
 D = Time resting spent in this place.
 E = Time spent auto-exploring this place.
 F = Levels seen in this place.
 G = Mean time per level.
                   A        B        C        D        E       F      G
               +--------+--------+--------+--------+--------+-----+--------+
         Total |   3009 |   2915 |     94 |     11 |   2244 |   5 |  601.8 |
       Dungeon |   3009 |   2915 |     94 |     11 |   2244 |   5 |  601.8 |
               +--------+--------+--------+--------+--------+-----+--------+

Top non-repeatable levels by time:
     D:3: 1076 daAuts
     D:4: 706 daAuts
     D:2: 621 daAuts
     D:1: 554 daAuts
     D:6: 50 daAuts
